 Dungeon Crawl Stone Soup version 0.31-a0-167-g1c394c0614 (webtiles) character file.

Game seed: 5140209739288363182

22 qw the Shield-Bearer (level 2, -6/19 HPs)
             Began as a Gargoyle Fighter on June 14, 2023.
             Mangled by Sigmund
             ... wielding a +2 scythe of venom
              (11 damage)
             ... on level 2 of the Dungeon.
             The game lasted 00:00:19 (1167 turns).

qw the Shield-Bearer (Gargoyle Fighter)             Turns: 1167, Time: 00:00:19

Health: -6/19      AC: 10    Str: 19    XL:     2   Next: 91%
Magic:  2/2        EV:  9    Int:  8    God:
Gold:   82         SH:  4    Dex:  9    Spells: 1/1 levels left

rFire   . . .        Y - +1 war axe
rCold   . . .        c - +0 buckler
rNeg    + . .        b - +0 scale mail
rPois   inf          (no helmet)
rElec   +            j - +0 cloak
rCorr   .            (no gloves)
SInv    .            (no boots)
Will    .....        (no amulet) Stlth
                     (no ring)
HPRegen 0.23/turn    (no ring)
MPRegen 0.08/turn

%: no passive effects
@: no status effects
A: sickness immunity, AC +2, negative energy resistance 1, electricity
resistance, torment resistance 1, petrification resistance
a: no special abilities


You were on level 2 of the Dungeon.
You visited 1 branch of the dungeon, and saw 2 of its levels.

You collected 82 gold pieces.


Innate Abilities, Weirdness & Mutations

You are immune to sickness and miasma.
Your stone body is resilient. (AC +2)
You are immune to poison.
You resist negative energy. (rN+)
You are resistant to electric shocks. (rElec)
You are resistant to unholy torment.
You are immune to petrification.


   Skills:
 - Level 3.2 Fighting
 + Level 3.0 Axes
 - Level 3.2 Armour
 - Level 3.2 Shields


You had one spell level left.
You didn't know any spells.
Your spell library was empty.

Inventory:

Hand Weapons
 f - a +0 whip
 Y - a +1 war axe (weapon)
Missiles
 g - 2 boomerangs (quivered)
Armour
 b - a +0 scale mail (worn)
 c - a +0 buckler (worn)
 j - a +0 cloak (worn)
Scrolls
 a - 2 scrolls of identify
Potions
 d - a potion of might
 l - a potion of heal wounds

Dungeon Overview and Level Annotations

Branches:
Dungeon (2/15)

Altars:

Annotations:
D:2 Sigmund


Message History

The rat bites you but does no damage.
You barely miss the rat. The rat barely misses you.
You closely miss the rat. You block the rat's attack.
The rat bites you but does no damage.
You barely miss the rat. The rat bites you but does no damage.
You slash the rat!
You kill the rat!
Your Axes skill increases to level 3!
You now have 82 gold pieces (gained 14).
A giant cockroach comes into view.
You closely miss the giant cockroach. The giant cockroach barely misses you.
You barely miss the giant cockroach. You block the giant cockroach's attack.
The giant cockroach closely misses you.
You hit the giant cockroach.
The giant cockroach is severely wounded.
The giant cockroach bites you but does no damage.
The giant cockroach closely misses you.
You closely miss the giant cockroach.
The giant cockroach is severely wounded.
The giant cockroach barely misses you.
You slash the giant cockroach!
You kill the giant cockroach!
Sigmund the Dreaded comes into view.
He is wielding a +2 scythe of venom.
Sigmund gestures wildly while chanting.
Sigmund flickers and vanishes!
Deactivating autopickup; reactivate with Ctrl-A.
You swing at nothing.
Something hits you!
You swing at nothing.
You swing at nothing.
Something hits you!
You swing at nothing.
Something completely misses you.
You swing at nothing.
Something hits you!
Ouch! That really hurt!
You die...

#.# #.# .# #.#
#.###.## #.# #.##...
#.# ## ##.##..# #.##
#.. ......# #..# ..
#.##..# ##<#
#.#.#.##..########.#
#...@.............#
#........#######..#
#...####.# #..#
#.#.## #.# #..# # #.
.. #.# #..# ##
#.#.#######..#
#............#
###%#######!## ....
###


There were no monsters in sight!

Vanquished Creatures
  An endoplasm (D:1)
  A giant cockroach (D:2)
  A goblin (D:1)
  5 hobgoblins (D:1)
  3 jackals (D:1)
  2 ball pythons (D:1)
  2 bats (D:1)
  2 frilled lizards
  2 kobolds (D:1)
  A rat (D:2)
20 creatures vanquished.

Notes
Turn   | Place    | Note
-------+----------+-------------------------------------------
     0 | D:1      | qw the Gargoyle Fighter began the quest for the Orb.
     0 | D:1      | Reached XP level 1. HP: 14/14 MP: 1/1
     0 | D:1      | 0 ||| qw: Version: 0.2-a-29-g1fa15c8
     0 | D:1      | 0 ||| qw: Game counter: 5068
     0 | D:1      | 0 ||| qw: Always use a shield: true
     0 | D:1      | 0 ||| qw: God list: Okawaru
     0 | D:1      | 0 ||| qw: Allow faded altars: false
     0 | D:1      | 0 ||| qw: Do Orc after D:15 true
     0 | D:1      | 0 ||| qw: Do second Lair branch before Depths: true
     0 | D:1      | 0 ||| qw: Lair rune preference: random
     0 | D:1      | 0 ||| qw: Plans: Normal, Zot:1-4, Slime:5, God:TSO, Crypt,
                  | Tomb, Abyss, Pan, Hells, Win
     0 | D:1      | 0 ||| PLANNING D:1-11
    78 | D:1      | Reached XP level 2. HP: 19/19 MP: 2/2
   166 | D:1      | 166 ||| Stepping ~*~*~tactically~*~*~ (hiding).
   169 | D:1      | 169 ||| Stepping ~*~*~tactically~*~*~ (hiding).
   216 | D:1      | 216 ||| Stepping ~*~*~tactically~*~*~ (stealth).
  1066 | D:1      | 1066 ||| UPGRADING to +0 cloak.
  1071 | D:1      | 1071 ||| READING 5 scrolls labelled XONLUL DYPHAK.
  1072 | D:1      | 1072 ||| READING scroll labelled HITILU SYMMI.
  1073 | D:1      | 1073 ||| READING scroll labelled SIUPHA FUFUNIA.
  1074 | D:1      | 1074 ||| DRINKING 2 bubbling sapphire potions.
  1075 | D:1      | 1075 ||| READING 4 scrolls of identify.
  1075 | D:1      | 1075 ||| IDENTIFYING dark potion
  1076 | D:1      | 1076 ||| READING 3 scrolls of identify.
  1076 | D:1      | 1076 ||| IDENTIFYING fuming purple potion
  1077 | D:1      | 1077 ||| DROPPING potion of brilliance.
  1078 | D:1      | 1078 ||| DROPPING potion of enlightenment.
  1111 | D:2      | 1111 ||| STAIRDANCE
  1147 | D:2      | Reached skill level 3 in Axes
  1162 | D:2      | Noticed Sigmund
  1165 | D:2      | HP: 4/19 [something (7)]
  1167 | D:2      | Mangled by Sigmund

Levels and vault maps discovered:
D:1:      onia_arrival_mini_maze_b, layout_basic,
          nicolae_concentric_dashed_squares_wild, hex_tiny
D:2:      minmay_chambers_of_ones, layout_loops_ring,
          shapermc_ecumenical_altar_hornbeckon, mrwooster_statue_mirror,
          uniq_sigmund

Skill      XL: |  1  2 |
---------------+-------+-----
Axes           | 2 3 |  3.0
Fighting       | |  3.2
Armour         | |  3.2
Shields        | |  3.2

Action                     || total
---------------------------++-------
  Melee: War axe           ||    34
  Throw: Boomerang         ||    24
    Use: Scroll            ||     5
         Potion            ||     1
 Armour: Scale mail        ||    15
  Dodge: Dodged            ||    17
  Block: Buckler           ||     7

Table legend:
 A = Non-vault XP
 B = Vault XP
 C = Vault XP percentage of total XP
 D = Non-vault monster count
 E = Vault monster count
 F = Vault count percentage of total count
                 A         B        C        D         E       F
            +---------+---------+-------+---------+---------+-------
      Total |      31 |       1 |   3.1 |      19 |       1 |   5.0
            +---------+---------+-------+---------+---------+-------
        D:1 |      27 |       1 |   3.6 |      16 |       1 |   5.9
        D:2 |       4 |       0 |   0.0 |       3 |       0 |   0.0
            +---------+---------+-------+---------+---------+-------
